 Dungeon Crawl Stone Soup version 0.24.0-13-gcf9b319 (webtiles) character file.

Game seed: 116633316047604627, levelgen mode: deterministic

79 Captinkiss the Firebug (level 4, -1/24 HPs)
             Began as a Deep Elf Fire Elementalist on Feb 27, 2020.
             Killed by divine providence
             ... invoked by an orc priest
              (11 damage)
             ... on level 3 of the Dungeon.
             The game lasted 00:02:47 (1954 turns).

Captinkiss the Firebug (Deep Elf Fire Elementalist) Turns: 1954, Time: 00:02:48

Health: -1/24      AC:  2    Str:  5    XL:     4   Next: 17%
Magic:  7/10       EV: 14    Int: 21    God:
Gold:   72         SH:  0    Dex: 20    Spells: 8/9 levels left

rFire    . . .     SeeInvis .   (no weapon)
rCold    + . .     Gourm    .   (no shield)
rNeg     . . .     Faith    .   a - +0 robe
rPois    .         Spirit   .   (no helmet)
rElec    .         Reflect  .   (no cloak)
rCorr    .         Harm     .   (no gloves)
MR       .....                  (no boots)
Stlth    ++........             o - amulet of rage
HPRegen  0.08/turn              b - +5 ring of dexterity
MPRegen  0.12/turn              q - ring of protection from cold

@: no status effects
A: no striking features
a: Evoke Berserk Rage


You were on level 3 of the Dungeon.
You were not hungry.

You visited 1 branch of the dungeon, and saw 3 of its levels.

You collected 72 gold pieces.

Inventory:

Armour
 a - a +0 robe (worn)
Jewellery
 b - a +5 ring of dexterity (left hand)
 j - an uncursed ring of positive energy
 o - an amulet of rage (around neck)
 q - a ring of protection from cold (right hand)
Scrolls
 d - 2 scrolls of fog {unknown}
 e - 2 scrolls of enchant armour {unknown}
 f - a scroll of blinking {unknown}
 g - 3 scrolls of remove curse {unknown}
 k - 3 scrolls of identify {unknown}
Potions
 h - 3 potions of curing {unknown}
 i - 2 potions of ambrosia {unknown}
 l - a potion of resistance {unknown}
 m - a potion of heal wounds {unknown}
 n - 3 potions of might {unknown}
Comestibles
 c - 6 rations


   Skills:
 + Level 3.6 Dodging
 - Level 2.4 Stealth
 - Level 3.0 Spellcasting
 - Level 1.1 Conjurations
 * Level 4.9 Fire Magic


You had 8 spell levels left.
You knew the following spells:

 Your Spells              Type           Power        Failure   Level  Hunger
a - Flame Tongue          Conj/Fire      ###..        3%          1    None

Your spell library contained the following spells:

 Spells                   Type           Power        Failure   Level  Hunger
 Throw Flame              Conj/Fire      ###...       6%          2    ##.....
 Conjure Flame            Conj/Fire      ###.....     12%         3    ###....
 Animate Skeleton         Necr           N/A          13%         1    None
 Apportation              Tloc           #.....       13%         1    None
 Confusing Touch          Hex            #.....       13%         1    None
 Summon Small Mammal      Summ           #...         13%         1    None
 Inner Flame              Hex/Fire       ##......     14%         3    ###....
 Sticky Flame             Conj/Fire      ###.....     36%         4    ####...
 Fireball                 Conj/Fire      ###.......   71%         5    ######.


Dungeon Overview and Level Annotations

Branches:
Dungeon (3/15)

Altars:


Message History

The orc priest mumbles some strange prayers to Beogh against you.
Pain shoots through your body!
Casting: Flame Tongue (safe; 3% risk of failure)
Confirm with . or Enter, or press ? or * to list all spells.
Aiming: Flame Tongue (safe; 3% risk of failure)
Press: ? - help, Shift-Dir - straight line, f/p - bat
Aim: a bat The flame tongue hits the bat.
The bat is moderately wounded.
The orc priest shouts!
The bat hits you. x2; The bat barely misses you.
The bat misses you.
A dart slug comes into view.
The bat hits you but does no damage. The bat misses you.
The orc wizard casts a spell.
The orc wizard blinks!
The bat hits you. The bat barely misses you. The bat barely misses you.
The orc priest mumbles some strange prayers to Beogh against you.
Beogh smites you!
You die...

##########
#........#
#...[....#
#........#
#........#
#........#
#........#
#..<.....##
#....@b...#####
#....b.....$...
#..†..!..#####
######.#og...#
#$#.o...#
#.#.....#
#......o#
##........
.........#


You could see 2 orc priests, an orc, a goblin and 2 bats.

Vanquished Creatures
  3 adders (D:2)
  A worm (D:2)
  2 dart slugs
  2 leopard geckos
  A ball python (D:2)
  4 hobgoblins
  2 quokkas (D:2)
  6 bats
  4 frilled lizards (D:2)
  6 goblins
  9 kobolds
  9 rats
49 creatures vanquished.

Notes
Turn   | Place    | Note
-------+----------+-------------------------------------------
     0 | D:1      | Captinkiss the Deep Elf Fire Elementalist began the quest
                  | for the Orb.
     0 | D:1      | Reached XP level 1. HP: 10/10 MP: 6/6
   181 | D:1      | Reached XP level 2. HP: 14/15 MP: 6/8
   523 | D:1      | Reached skill level 4 in Fire Magic
   931 | D:2      | Reached XP level 3. HP: 17/19 MP: 6/9
  1687 | D:2      | Reached XP level 4. HP: 22/24 MP: 6/10
  1954 | D:3      | Killed from afar by an orc priest

Levels and vault maps discovered:
D:1:      saegor_arrival_simple_b, layout_basic
D:2:      layout_basic, minmay_diced_spiral
D:3:      layout_rooms, ashenzari_altar_1, first_ration

Skill      XL: |  1  2 |
---------------+-------+-----
Fire Magic     | 4 |  4.9
Dodging        | 3 |  3.6
Stealth        | |  2.4
Spellcasting   | |  3.0
Conjurations   | |  1.1

Action                   |  1- 3 |  4- 6 || total
-------------------------+-------+-------++-------
Melee: Unarmed           |    21 |     2 ||    23
 Cast: Flame Tongue      |    67 |    10 ||    77
 Stab: Sleeping          |     1 |     1 ||     2
  Eat: Chunk             |     1 |     2 ||     3
Armor: Robe              |     5 |     4 ||     9
Dodge: Dodged            |    35 |     9 ||    44
